 Dungeon Crawl Stone Soup version 0.29-a0-359-g541a27f54d (webtiles) character file.

Game seed: 1280632459246463244

67 Zeldest the Skirmisher (level 4, -4/35 HPs)
             Began as a Mummy Fighter on Apr 28, 2022.
             Slain by an orc
             ... wielding a +3 morningstar
              (8 damage)
             ... on level 3 of the Dungeon.
             The game lasted 00:01:38 (1524 turns).

Zeldest the Skirmisher (Mummy Fighter)              Turns: 1524, Time: 00:01:39

Health: -4/35      AC: 10    Str: 21    XL:     4   Next: 0%
Magic:  4/4        EV:  6    Int:  7    God:
Gold:   134        SH:  4    Dex: 11    Spells: 3/3 levels left

rFire   x . .      SeeInvis .   a - +0 war axe
rCold   + . .      Faith    .   c - +0 buckler
rNeg    + + +      Spirit   .   b - +0 scale mail
rPois   ∞          Reflect  .   m - +0 helmet
rElec   .          Harm     .   (no cloak)
rCorr   .          Rampage  .   n - +1 pair of gloves
Will    .....                   (no boots)
Stlth   ..........              (no amulet)
HPRegen 0.11/turn               (no ring)
MPRegen 0.09/turn               (no ring)

@: constricted
A: cold resistance 1, negative energy resistance 3, torment resistance 2, heat
vulnerability 1, in touch with death 1, no potions
a: no special abilities


You were on level 3 of the Dungeon.
You visited 1 branch of the dungeon, and saw 3 of its levels.

You collected 134 gold pieces.

Inventory:

Hand Weapons
 a - a +0 war axe (weapon)
Armour
 b - a +0 scale mail (worn)
 c - a +0 buckler (worn)
 m - a +0 helmet (worn)
 n - a +1 pair of gloves (worn)
Scrolls
 d - 4 scrolls of brand weapon {unknown}
 e - a scroll of vulnerability {unknown}
 f - a scroll of torment {unknown}
 g - a scroll of noise {unknown}
 h - a scroll of blinking {unknown}
 i - a scroll of identify {unknown}
 j - a scroll of enchant armour {unknown}
 k - a scroll of immolation {unknown}
 l - a scroll of teleportation {unknown}


   Skills:
 + Level 3.5 Fighting
 * Level 2.8 Axes
 + Level 2.9 Armour
 - Level 2.4 Shields


You had 3 spell levels left.
You didn't know any spells.
Your spell library contained the following spells:

 Spells                   Type           Power      Damage    Failure   Level
 Magic Dart               Conj           0%         1d3       86%         1
 Summon Small Mammal      Summ           0%         N/A       86%         1
 Call Imp                 Summ           0%         N/A       95%         2
 Call Canine Familiar     Summ           0%         N/A       99%         3
 Mephitic Cloud           Conj/Pois/Air  0%         N/A       99%         3
 Summon Guardian Golem    Hex/Summ       0%         N/A       99%         3


Dungeon Overview and Level Annotations

Branches:
Dungeon (3/15)

Altars:

Shops:
D:1 *   D:3 [


Innate Abilities, Weirdness & Mutations

You are immune to poison.
Your flesh is cold resistant. (rC+)
You are immune to negative energy. (rN+++)
You are immune to unholy pain and torment.
You are vulnerable to heat. (rF-)
You are in touch with the powers of death.
You do not drink.


Message History

No target in view!
No target in view!
No target in view!
No target in view!
No target in view!
No target in view!
No target in view!
No target in view!
No target in view!
Found a falchion.
Robin closely misses you.
There is an open door, spattered with blood here.
Items here: ))) †††††.
You hit Robin.
Robin is moderately wounded.
Robin hits you with a +0 mace.
You slash Robin!
Robin is almost dead.
Robin hits you with a +0 mace.
* * * LOW HITPOINT WARNING * * *
You block Robin's attack.
You slash Robin!
You kill Robin!
You have reached level 4!
Items here: ) [[ †.
Okay, then.
You open the door.
Found four items.
A ball python and an orc come into view.
The ball python hisses angrily.
The orc shouts!
The ball python bites you but does no damage.
The ball python barely misses you.
There is an open door here.
The orc hits you but does no damage. You block the ball python's attack.
The ball python grabs you. The ball python constricts you.
You closely miss the orc. You closely miss the ball python.
The orc hits you with a +3 morningstar.
* * * LOW HITPOINT WARNING * * *
The ball python barely misses you. The ball python constricts you.
The orc hits you with a +3 morningstar!
You die...

#..#.... #..#....
+..#.... ###+### #.
#.#.. #.....#
...##. #..?..#
#.....#. +.!.!.+
#.... #. #..:..#
#... #. #.S@o.# #.
###'### #. #.....##
##. ##.....## #.
#.... ##.....##
#.##.... ##.....##
#.##....
##...).###.##....
######)####.....###
)......).........#


You could see an orc and a ball python.

Vanquished Creatures
  Robin (D:3)
  2 adders (D:2)
  An orc (D:3)
  2 ball pythons
  An endoplasm (D:1)
  A giant cockroach (D:1)
  12 goblins
  5 hobgoblins
  2 kobolds (D:1)
  A quokka (D:1)
  3 bats
  A frilled lizard (D:3)
  A rat (D:2)
33 creatures vanquished.

Notes
Turn   | Place    | Note
-------+----------+-------------------------------------------
     0 | D:1      | Zeldest the Mummy Fighter began the quest for the Orb.
     0 | D:1      | Reached XP level 1. HP: 18/18 MP: 1/1
    61 | D:1      | Found a faded altar of an unknown god.
   585 | D:1      | Reached XP level 2. HP: 24/24 MP: 2/2
   609 | D:1      | Found Pedito's General Store.
  1001 | D:2      | Gained mutation: You are in touch with the powers of death.
                  | [Mummy growth]
  1001 | D:2      | Reached XP level 3. HP: 28/29 MP: 3/3
  1044 | D:2      | You fall into a shaft and drop 1 floor!
  1168 | D:3      | Found Ubyulal's Armour Boutique.
  1355 | D:3      | Identified the +1 mace of Mayhem {vorpal, rF- Dex+6 Stlth+}
  1494 | D:3      | Noticed Robin
  1514 | D:3      | Killed Robin
  1515 | D:3      | Reached XP level 4. HP: 9/35 MP: 4/4
  1524 | D:3      | Slain by an orc

Illustrated notes

Levels and vault maps discovered:
D:1:      psy_arrival_whirlpool, layout_basic,
          shapermc_ecumenical_altar_mp_urbaneastern, serial_shops, shop_statue
D:2:      layout_basic
D:3:      layout_basic, portal_sewer_entry_c, serial_shops,
          nicolae_shop_crystal, minmay_quadrilaterals, uniq_robin,
          uniq_crazy_yiuf_cottage

Skill      XL: |  1 |
---------------+----+-----
Axes           | 2 |  2.8
Fighting       | |  3.5
Armour         | |  2.9
Shields        | |  2.4

Action                   |  1- 3 |  4- 6 || total
-------------------------+-------+-------++-------
Melee: War axe           |    85 |     1 ||    86
Armor: Scale mail        |    41 |     2 ||    43
Dodge: Dodged            |    53 |     2 ||    55
Block: Buckler           |    22 |     1 ||    23

Table legend: (Time is in decaauts)
 A = Elapsed time spent in this place.
 B = Non-inter-level travel time spent in this place.
 C = Inter-level travel time spent in this place.
 D = Time resting spent in this place.
 E = Time spent auto-exploring this place.
 F = Levels seen in this place.
 G = Mean time per level.
                   A        B        C        D        E       F      G
               +--------+--------+--------+--------+--------+-----+--------+
         Total |   1561 |   1520 |     41 |      0 |   1141 |   3 |  520.3 |
       Dungeon |   1561 |   1520 |     41 |      0 |   1141 |   3 |  520.3 |
               +--------+--------+--------+--------+--------+-----+--------+

Top non-repeatable levels by time:
     D:1: 900 daAuts
     D:3: 497 daAuts
     D:2: 164 daAuts
